 Dungeon Crawl Stone Soup version 0.28.0-53-g5a82cb258f (webtiles) character file.

Game seed: 8430349595577816974

13148 mortz the Destroyer (level 11, -5/77 HPs)
             Began as a Demigod Conjurer on June 2, 2022.
             Slain by a seven-headed hydra (10 damage)
             ... on level 2 of the Lair of Beasts on June 3, 2022.
             The game lasted 01:27:36 (12070 turns).

mortz the Destroyer (Demigod Conjurer)             Turns: 12070, Time: 01:27:38

Health: -5/77      AC:  9    Str: 14    XL:     11   Next: 44%
Magic:  28/28      EV: 14    Int: 32    God:
Gold:   359        SH:  4    Dex: 18    Spells: 15/27 levels left

rFire   . . .      SeeInvis +   T - +4 scimitar (freeze) {long}
rCold   . . .      Faith    .   G - +0 buckler
rNeg    . . .      Spirit   .   N - +0 troll leather armour
rPois   .          Reflect  .   Q - +0 mask of the Dragon {Will+ Slay+3 SInv}
rElec   .          Harm     .   (no cloak)
rCorr   .          Rampage  .   c - +0 pair of gloves
Will    ++...                   u - +2 pair of boots {Stlth+}
Stlth   ++++......              r - amulet of magic regeneration {@e2}
HPRegen 1.02/turn               B - +6 ring of dexterity
MPRegen 0.61/turn               A - +6 ring of strength

@: no status effects
A: high MP 1, forlorn, divine attributes
a: no special abilities


You were on level 2 of the Lair of Beasts.
You visited 2 branches of the dungeon, and saw 12 of its levels.
You also visited: Sewer and Ossuary.

You collected 958 gold pieces.
You spent 599 gold pieces at shops.


Innate Abilities, Weirdness & Mutations

You have an increased reservoir of magic. (+10% MP)
You shall have no god before yourself.
Your divine heritage dramatically boosts your attributes as you level up.


   Skills:
 + Level 1.2 Fighting
 + Level 4.0 Armour
 + Level 5.3 Dodging
 + Level 5.0 Stealth
 + Level 1.2 Shields
 + Level 8.8 Spellcasting
 + Level 9.5 Conjurations
 - Level 6.0 Translocations
 * Level 5.5 Fire Magic
 + Level 1.6 Evocations


You had 15 spell levels left.
You knew the following spells:

 Your Spells              Type           Power      Damage    Failure   Level
a - Magic Dart            Conj           100%       1d8       1%          1
b - Searing Ray           Conj           100%       2d8       1%          2
c - Iskenderun's Mystic   Conj/Tloc      59%        2d12      2%          4
d - Fireball              Conj/Fire      29%        3d13      7%          5

Your spell library contained the following spells:

 Spells                   Type           Power      Damage    Failure   Level
 Static Discharge         Conj/Air       44%        N/A       1%          2
 Dazzling Flash           Conj/Hex       88%        N/A       2%          3
 Sticky Flame             Conj/Fire      58%        2d7       2%          4
 Beastly Appendage        Tmut           28%        N/A       6%          1
 Fulminant Prism          Conj/Hex       22%        3d13      8%          4
 Sublimation of Blood     Necr           14%        N/A       9%          2
 Wereblood                Tmut           14%        N/A       9%          2
 Spider Form              Tmut/Pois      14%        N/A       17%         3
 Summon Guardian Golem    Hex/Summ       14%        N/A       17%         3
 Tukima's Dance           Hex            14%        N/A       17%         3
 Starburst                Conj/Fire      29%        6d9       36%         6
 Anguish                  Hex/Necr       7%         N/A       50%         4
 Dispel Undead            Necr           14%        3d10      50%         4
 Olgreb's Toxic Radiance  Pois           14%        N/A       50%         4
 Orb of Destruction       Conj           33%        9d10      67%         7
 Enfeeble                 Hex            7%         N/A       100%        7
 Ozocubu's Refrigeration  Ice            7%         4d6       100%        7
 Spellforged Servitor     Conj/Summ      22%        N/A       100%        7
 Summon Hydra             Summ           7%         N/A       100%        7
 Ignition                 Fire           24%        3d8       100%        8

Inventory:

Hand Weapons
 i - a +0 hand axe {axe}
   (You took it off Terence on level 2 of the Dungeon)
 o - a +2 dagger of protection {short}
   (You found it on level 3 of the Dungeon)
 T - a +4 scimitar of freezing (weapon) {long}
   (You took it off a wight on level 9 of the Dungeon)
 Z - a +4 eveningstar {macerare}
   (You took it off Urug on level 10 of the Dungeon)
Armour
 c - a +0 pair of gloves (worn)
   (You found it on level 1 of the Dungeon)
 p - an orb of light
   (You found it on level 3 of the Dungeon)
 u - a +2 pair of boots of stealth (worn)
   (You bought it in a shop on level 2 of the Dungeon)
 G - a +0 buckler (worn)
   (You found it on level 6 of the Dungeon)
 H - a +2 leather armour of positive energy
   (You took it off an orc on level 6 of the Dungeon)
 N - a +0 troll leather armour (worn)
   (You found it on level 7 of the Dungeon)
 Q - the +0 mask of the Dragon (worn) {Will+ Slay+3 SInv}
   (You bought it in a shop on level 8 of the Dungeon)

   Slay:      It affects your accuracy & damage with ranged weapons and melee
   (+3).
   SInv:      It lets you see invisible.
   Will:      It increases your willpower.
 R - +0 steam dragon scales
   (You found it on level 9 of the Dungeon)
 U - a +1 robe of resistance
   (You found it on level 9 of the Dungeon)
 Y - a +1 scale mail of fire resistance
   (You took it off Urug on level 10 of the Dungeon)
Jewellery
 a - an amulet of regeneration {@e2}
   (You found it on level 7 of the Dungeon)
 j - a ring of protection from cold
   (You found it on level 2 of the Dungeon)
 r - an amulet of magic regeneration (around neck) {@e2}
   (You found it on level 4 of the Dungeon)
 A - a +6 ring of strength (right hand)
   (You found it on level 5 of the Dungeon)
 B - a +6 ring of dexterity (left hand)
   (You found it on level 6 of the Dungeon)
 D - a ring of protection from fire
   (You found it on level 6 of the Dungeon)
 X - an amulet of reflection
   (You found it on level 10 of the Dungeon)
Wands
 O - a wand of iceblast (10)
   (You found it on level 8 of the Dungeon)
 W - a wand of acid (2)
   (You found it on level 10 of the Dungeon)
Scrolls
 b - a scroll of summoning
 d - a scroll of fear
 e - a scroll of vulnerability {unknown}
 f - a scroll of silence {!r}
 q - 2 scrolls of blinking {!r}
 t - 3 scrolls of magic mapping {!r}
 v - a scroll of enchant weapon {unknown}
 x - a scroll of fog
 y - 2 scrolls of amnesia
 C - a scroll of holy word
 E - 5 scrolls of teleportation {@r4}
 V - a scroll of acquirement {unknown}
Potions
 g - a potion of magic {unknown}
 h - 3 potions of haste {@q3}
 k - 2 potions of lignification {!q}
 l - 6 potions of heal wounds {@q2}
 m - a potion of cancellation {unknown}
 w - 2 potions of curing {@q1}
 z - a potion of attraction {unknown}
 F - 3 potions of resistance
 I - 3 potions of might
 J - a potion of flight {unknown}
 K - 4 potions of mutation {unknown}
 L - 4 potions of ambrosia {unknown}
 M - a potion of berserk rage {unknown}
 P - 3 potions of brilliance {unknown}
 S - a potion of degeneration {unknown}
Miscellaneous
 s - a condenser vane (inert)
   (You found it on level 9 of the Dungeon)

Dungeon Overview and Level Annotations

Branches:
Dungeon (10/15)            Temple (0/1) D:4            Lair (2/6) D:9
  Sewer (visited)         Ossuary (visited)
  Swamp: Lair:2-4    Shoals: Lair:2-4     Snake: Lair:2-4    Spider: Lair:2-4
    Orc: D:9-12

Shops:
D:2 [ D:8

:[=
##.............
#..............
#.............
#....†........
##.........)...
#..............
#........(....
#.#....l...$....
.......@........
?#.##.D....##.##
#.#.##### # ..
##. #. .. ##


You could see a seven-headed hydra and a komodo dragon.


Message History

You lost 4 mp, and now have 23/28 mp.
Aiming: Magic Dart (safe; 1% risk of failure)
Press: ? - help, Q - select action, (/) - cycle Shift-Dir - straight line, f - bullfrog
Aim: a bullfrog (severely wounded, 100% to hit)
The magic dart hits the bullfrog.
You kill the bullfrog!
The komodo dragon hisses angrily.
Casting: Magic Dart (safe; 1% risk of failure)
Confirm with . or Enter, or press ? or * to list all spells.
Aiming: Fireball (dangerous; 8% risk of failure)
Press: ? - help, Shift-Dir - straight line The fireball explodes!
The fireball engulfs the komodo dragon!!
You hear an angry growl. 😎 MP[-5]
You lost 5 mp, and now have 18/28 mp.
Casting: Fireball (dangerous; 8% risk of failure)
Confirm with . or Enter, or press ? or * to list all spells.
Aiming: Fireball (dangerous; 8% risk of failure)
Press: ? - help, Shift-Dir - straight line The fireball explodes!
The fireball engulfs the komodo dragon.
A seven-headed hydra comes into view. 😎 MP[-4]
You lost 4 mp, and now have 14/28 mp.
Casting: Fireball (dangerous; 8% risk of failure)
Confirm with . or Enter, or press ? or * to list all spells.
Aiming: Fireball (dangerous; 8% risk of failure)
Press: ? - help, Shift-Dir - straight line, f - seven-headed hydra
Aim: a seven-headed hydra (wandering, hasn't noticed you)
The fireball explodes!
The fireball engulfs the seven-headed hydra!!
The seven-headed hydra roars!
You hear a croak.
You hear a loud, deep croak!
You hear an angry hiss.
A blink frog comes into view. 😎 MP[-5]
You lost 5 mp, and now have 9/28 mp.
Casting: Fireball (dangerous; 8% risk of failure)
Confirm with . or Enter, or press ? or * to list all spells.
Aiming: Searing Ray (safe; 1% risk of failure)
Press: ? - help, Shift-Dir - straight line, f - komodo dragon
Aim: a komodo dragon (heavily wounded, 87% to hit)
Okay, then.
Casting: Searing Ray (safe; 1% risk of failure)
Confirm with . or Enter, or press ? or * to list all spells.
Aiming: Fireball (dangerous; 8% risk of failure)
Press: ? - help, Shift-Dir - straight line, f - komodo dragon
Aim: a komodo dragon (heavily wounded)
The fireball explodes!
The fireball engulfs the komodo dragon.
You hear a loud, deep croak! 😎 MP[-4]
You lost 4 mp, and now have 5/28 mp.
Casting: Fireball (dangerous; 8% risk of failure)
Confirm with . or Enter, or press ? or * to list all spells.
You erupt in a blast of force!
The mystic blast hits the seven-headed hydra!
The seven-headed hydra is knocked back by the mystic blast.
The mystic blast hits the komodo dragon.
The komodo dragon is knocked back by the mystic blast. 😎 MP[-3]
You lost 3 mp, and now have 2/28 mp.
You block the blink frog's attack.
You climb upwards.
There is a stone staircase leading down here. 😎 MP[+1]
Casting: Iskenderun's Mystic Blast (dangerous; 2% risk of failure)
Confirm with . or Enter, or press ? or * to list all spells.
Aiming: Searing Ray (safe; 1% risk of failure)
Press: ? - help, Shift-Dir - straight line, f - blink frog
Aim: a blink frog (severely wounded, 70% to hit)
The searing ray hits the blink frog!
You kill the blink frog! (Press . to maintain the ray.) 😎 MP[-1]
You lost 1 mp, and now have 2/28 mp.
Done exploring. 😎 MP[+26]
Your mp is fully restored (28).
You climb downwards.
The seven-headed hydra barely misses you.
The seven-headed hydra bites you but does no damage.
The seven-headed hydra bites you!
The seven-headed hydra barely misses you.
The seven-headed hydra bites you but does no damage.
The seven-headed hydra completely misses you.
The seven-headed hydra bites you! You block the komodo dragon's attack.
The seven-headed hydra bites you! x2
The seven-headed hydra bites you but does no damage.
The seven-headed hydra bites you!
* * * LOW HITPOINT WARNING * * *
The seven-headed hydra completely misses you.
The seven-headed hydra bites you!
* * * LOW HITPOINT WARNING * * *
The seven-headed hydra bites you!
* * * LOW HITPOINT WARNING * * *
There is a stone staircase leading up, spattered with blood here. 😱 HP[-73]
You take 73 damage, and now have 4/77 hp.
MASSIVE DAMAGE!! (PAUSE)
The komodo dragon misses you. The seven-headed hydra bites you!
You die...

Skill      XL: |  1  2  3  4  5  6  7  8  9 10 11 |
---------------+----------------------------------+-----
Spellcasting   | 2 3 4 5 6 8 |  8.8
Stealth        | 2 3 4 5 |  5.0
Translocations | 1 2 3 4 5 6 |  6.0
Dodging        | 2 3 4 5 |  5.3
Conjurations   | 4 5 6 7 8 9 |  9.5
Armour         | 3 4 |  4.0
Fire Magic     | 2 4 5 |  5.5
Fighting       | 1 |  1.2
Shields        | 1 |  1.2
Evocations     | 1 |  1.6

Action                   |  1- 3 |  4- 6 |  7- 9 | 10-12 || total
-------------------------+-------+-------+-------+-------++-------
Melee: Dagger            |       |     5 |     1 |       ||     6
 Cast: Magic Dart        |    43 |    42 |   102 |    55 ||   242
       Searing Ray       |    17 |    41 |    96 |    55 ||   209
       Iskenderun's Myst |       |       |     6 |    51 ||    57
       Fireball          |       |       |       |     7 ||     7
Evoke: Wand              |       |       |       |     5 ||     5
       Condenser vane    |       |       |       |     1 ||     1
  Use: Scroll            |       |       |    14 |     3 ||    17
       Potion            |       |       |     1 |       ||     1
 Stab: Sleeping          |       |     1 |       |       ||     1
Armor: Robe              |     2 |    15 |    12 |       ||    29
       Leather armour    |       |       |    14 |       ||    14
       Troll leather arm |       |       |     6 |    14 ||    20
Dodge: Dodged            |     3 |    24 |    63 |    47 ||   137
Block: Buckler           |       |       |     3 |    11 ||    14

Levels and vault maps discovered:
D:1:      co_arrival_square_in_a_square_in_a_square, layout_loops_ring
D:2:      layout_basic, serial_shops, shop, chequers_serial_rivers_micro_c,
          hangedman_decor_clover_reticule, minmay_misc_feat_doors, uniq_terence
D:3:      layout_loops_ring, overflow_temple_1_default
D:4:      minmay_bubble_buster, layout_loops_ring, minmay_temple_entry_mist,
          goddamned_bats
D:5:      layout_gridville, nicolae_hepliaklqana_hazy_memory,
          mainiacjoe_overflow_catwalk, mainiacjoe_overflow_catwalk_spiral,
          corexii_checkpoint_b, uniq_prince_ribbit1
D:6:      layout_loops_cross, portal_sewer_entry_b
D:7:      layout_layer_cave, mainiacjoe_overflow_brackets, enter_ossuary_1
D:8:      layout_loops_ring, bloody_makhleb, serial_shops, shop_coins,
          kennysheep_little_box, kennysheep_mini_moat, hex_tiny
D:9:      layout_cave_pools, mainiacjoe_overflow_alcove_2,
          mainiacjoe_overflow_cross_hatched, due_lair_maze_entry_diamond,
          hangedman_corner_corridor
D:10:     layout_cave_pools, gammafunk_temple_overflow_pools, xom_butterflies,
          minmay_stone_trees_small, uniq_urug
Lair:1:   layout_misc_corridors, uniq_harold
Lair:2:   layout_small_grid

Notes
Turn   | Place    | Note
-------+----------+-------------------------------------------
     0 | D:1      | mortz the Demigod Conjurer began the quest for the Orb.
     0 | D:1      | Reached XP level 1. HP: 14/14 MP: 5/5
     0 | D:1      | magus.rc [v1.9.6]
    18 | D:1      | You add the spells Olgreb's Toxic Radiance, Ozocubu's
                  | Refrigeration and Ignition to your library.
   350 | D:1      | Reached skill level 2 in Spellcasting
   372 | D:1      | Reached XP level 2. HP: 20/20 MP: 0/7
   375 | D:1      | Learned a level 2 spell: Searing Ray
  1123 | D:2      | Reached skill level 2 in Stealth
  1195 | D:2      | Reached skill level 1 in Translocations
  1262 | D:2      | Found Ascheazof's Antique Armour Boutique.
  1549 | D:2      | Reached skill level 2 in Dodging
  1549 | D:2      | Reached XP level 3. HP: 25/26 MP: 2/8
  1652 | D:2      | Noticed Terence
  1657 | D:2      | Killed Terence
  1658 | D:2      | Reached skill level 4 in Conjurations
  1796 | D:2      | You pick up a book of Blood and begin reading...
  1796 | D:2      | You add the spells Sublimation of Blood, Wereblood and
                  | Summon Hydra to your library.
  2298 | D:3      | Noticed a sky beast
  2305 | D:3      | Killed a sky beast
  2306 | D:3      | Reached skill level 2 in Translocations
  2306 | D:3      | Reached XP level 4. HP: 20/33 MP: 2/10
  2444 | D:3      | You pick up a book of Dangerous Friends and begin
                  | reading...
  2444 | D:3      | You add the spells Summon Guardian Golem, Orb of
                  | Destruction and Spellforged Servitor to your library.
  2466 | D:3      | Reached XP level 5. HP: 38/38 MP: 8/12
  3475 | D:4      | Found the +6 lightning scales {swift, rElec}
  3758 | D:4      | Reached skill level 3 in Spellcasting
  3759 | D:4      | Reached XP level 6. HP: 44/45 MP: 6/13
  3830 | D:4      | Reached skill level 3 in Translocations
  4011 | D:4      | Found a staircase to the Ecumenical Temple.
  4098 | D:4      | Reached skill level 3 in Stealth
  4122 | D:4      | Reached skill level 5 in Conjurations
  4127 | D:4      | Learned a level 4 spell: Iskenderun's Mystic Blast
  4397 | D:5      | Entered Level 5 of the Dungeon
  4494 | D:5      | Reached skill level 3 in Dodging
  4494 | D:5      | Reached XP level 7. HP: 50/50 MP: 12/15
  4564 | D:5      | Noticed Prince Ribbit
  4581 | D:5      | Killed Prince Ribbit
  4582 | D:5      | Reached skill level 4 in Spellcasting
  4613 | D:5      | Reached skill level 4 in Translocations
  5246 | D:2      | Bought a pair of runed boots for 232 gold pieces
  5518 | D:6      | Reached XP level 8. HP: 56/57 MP: 12/18
  5689 | D:6      | You pick up a book of Touch and begin reading...
  5689 | D:6      | You add the spells Static Discharge, Sticky Flame and
                  | Dispel Undead to your library.
  5725 | D:6      | Reached skill level 6 in Conjurations
  5762 | D:6      | Found a glowing drain.
  5766 | D:6      | Reached skill level 4 in Stealth
  5777 | Sewer    | Entered a sewer
  5798 | Sewer    | Noticed Pargi
  5805 | Sewer    | Killed Pargi
  6305 | D:6      | Reached skill level 5 in Spellcasting
  6305 | D:6      | Reached skill level 5 in Translocations
  6614 | D:7      | Reached skill level 4 in Dodging
  6617 | D:7      | HP: 13/57 [water moccasin (8)]
  6622 | D:7      | HP: 8/57 [poisoned by a water moccasin]
  6633 | D:7      | Found a sand-covered staircase.
  6894 | Ossuary  | Entered an ossuary
  7257 | D:7      | Noticed an unseen horror
  7268 | D:7      | Killed an unseen horror
  7269 | D:7      | Reached XP level 9. HP: 37/62 MP: 11/21
  7540 | D:7      | You pick up a book of Maledictions and begin reading...
  7540 | D:7      | You add the spells Tukima's Dance, Anguish and Enfeeble to
                  | your library.
  7695 | D:7      | Reached skill level 7 in Conjurations
  8493 | D:8      | Reached skill level 1 in Armour
  8722 | D:8      | Found Momoock's Jewellery Emporium.
  8788 | D:8      | Reached skill level 2 in Armour
  8788 | D:8      | Reached skill level 6 in Spellcasting
  8875 | D:8      | Reached skill level 6 in Translocations
  8906 | D:8      | You pick up a book of Fire and begin reading...
  8906 | D:8      | You add the spells Fireball and Starburst to your library.
  8913 | D:8      | Learned a level 5 spell: Fireball
  8975 | D:8      | Found Maopn's Armour Boutique.
  9003 | D:8      | Bought the +0 mask of the Dragon {Will+ Slay+3 SInv} for
                  | 367 gold pieces
  9003 | D:8      | Found the +0 mask of the Dragon {Will+ Slay+3 SInv}
  9018 | D:8      | magus.rc [v1.9.6]
  9038 | D:8      | Found Oskew's Book Boutique.
  9327 | D:8      | magus.rc [v1.9.6]
  9401 | D:9      | Reached skill level 1 in Fire Magic
  9484 | D:9      | Reached skill level 3 in Armour
  9553 | D:9      | Reached skill level 1 in Fighting
  9610 | D:9      | Reached skill level 2 in Fire Magic
  9610 | D:9      | Reached XP level 10. HP: 64/71 MP: 15/23
  9640 | D:9      | You pick up a book of Maledictions and begin reading...
  9910 | D:9      | Reached skill level 3 in Fire Magic
 10020 | D:9      | Found a staircase to the Lair.
 10038 | D:9      | Reached skill level 8 in Conjurations
 10125 | D:9      | You pick up a book of Blood and begin reading...
 10165 | D:9      | Reached skill level 7 in Spellcasting
 10170 | D:9      | Noticed a death knight
 10400 | D:9      | Killed a death knight
 10447 | D:10     | Entered Level 10 of the Dungeon
 10454 | D:10     | Reached skill level 1 in Shields
 10466 | D:10     | Noticed a two-headed ogre
 10471 | D:10     | Reached skill level 5 in Dodging
 10471 | D:10     | Reached skill level 4 in Fire Magic
 10511 | D:10     | Noticed a two-headed ogre
 10557 | D:10     | Killed a two-headed ogre
 10675 | D:10     | Killed a two-headed ogre
 10676 | D:10     | Reached skill level 5 in Stealth
 10802 | D:10     | Noticed Urug
 10897 | D:10     | Killed Urug
 10898 | D:10     | Reached skill level 8 in Spellcasting
 10898 | D:10     | Reached XP level 11. HP: 56/77 MP: 17/27
 10900 | D:10     | a +4 eveningstar {macerare}; 5 javelins {throwing}
 10901 | D:10     | Z - a +4 eveningstar {macerare}
 11104 | D:10     | magus.rc [v1.9.6]
 11150 | Lair:1   | Entered Level 1 of the Lair of Beasts
 11163 | Lair:1   | Reached skill level 4 in Armour
 11239 | Lair:1   | Reached skill level 9 in Conjurations
 11314 | Lair:1   | Reached skill level 5 in Fire Magic
 11316 | Lair:1   | Noticed Harold
 11358 | Lair:1   | Killed Harold
 11613 | Lair:1   | You pick up a book of Changes and begin reading...
 11613 | Lair:1   | You add the spells Beastly Appendage and Spider Form to
                  | your library.
 12016 | Lair:2   | Reached skill level 1 in Evocations
 12018 | Lair:2   | Noticed a seven-headed hydra
 12069 | Lair:2   | HP: 13/77 [seven-headed hydra (14)]
 12069 | Lair:2   | HP: 4/77 [seven-headed hydra (9)]
 12070 | Lair:2   | Slain by a seven-headed hydra

Vanquished Creatures
  Harold (Lair:1)
  A death knight (D:9)
  2 two-headed ogres (D:10)
  Urug (D:10)
  4 cane toads (Lair:1)
  An unseen horror (D:7)
  A komodo dragon (Lair:1)
  2 trolls
  5 blink frogs
  Prince Ribbit (D:5)
  A shadow (D:10)
  8 yaks
  A wyvern (D:8)
  A steam dragon (D:9)
  6 water moccasins
  Pargi (Sewer)
  5 black bears
  An ice beast (D:5)
  3 orc warriors
  2 sky beasts
  3 centaurs
  An ogre (D:6)
  4 wolves
  A phantom (D:7)
  2 kobold brigands
  6 bullfrogs
  4 scorpions
  A wyvern zombie (D:7)
  A wyvern skeleton (D:6)
  5 killer bees (D:10)
  A vampire bat (D:4)
  8 wights
  2 howler monkeys
  4 centaur zombies
  4 orc priests
  3 hounds
  3 bullfrog skeletons
  A centaur skeleton (D:6)
  4 iguanas
  Terence (D:2)
  6 orc wizards
  A hound skeleton (D:4)
  8 mummies (Ossuary)
  2 howler monkey skeletons
  7 adders
  2 river rats (D:6)
  2 shadow imps
  2 white imps
  An ufetubus (D:6)
  2 worms (D:2)
  5 dart slugs
  3 fire bats (D:4)
  24 orcs
  2 spectral bats (D:4)
  3 bat skeletons (D:4)
  A bat zombie (D:4)
  3 endoplasms
  8 giant cockroaches
  3 goblins (D:4)
  10 hobgoblins
  A jackal (D:4)
  17 kobolds
  5 quokkas
  7 ball pythons
  16 bats
  A bat simulacrum (D:4)
  2 frilled lizards (D:3)
  4 gnoll zombies (Ossuary)
  4 hobgoblin zombies (Ossuary)
  7 rats
  2 butterflies (D:10)
268 creatures vanquished.

Vanquished Creatures (others)
  55 fungi
  56 plants
111 creatures vanquished.

Grand Total: 379 creatures vanquished

Table legend:
 A = Non-vault XP
 B = Vault XP
 C = Vault XP percentage of total XP
 D = Non-vault monster count
 E = Vault monster count
 F = Vault count percentage of total count
                 A         B        C        D         E       F
            +---------+---------+-------+---------+---------+-------
      Total |   13274 |    5509 |  29.3 |     188 |      78 |  29.3
            +---------+---------+-------+---------+---------+-------
        D:1 |      29 |       0 |   0.0 |      17 |       0 |   0.0
        D:2 |      35 |      36 |  50.7 |      11 |       1 |   8.3
        D:3 |     166 |       0 |   0.0 |      24 |       0 |   0.0
        D:4 |      81 |     505 |  86.2 |      12 |      34 |  73.9
        D:5 |     547 |     270 |  33.0 |      18 |       2 |  10.0
        D:6 |     661 |      33 |   4.8 |      13 |       6 |  31.6
        D:7 |    1374 |       0 |   0.0 |      10 |       0 |   0.0
        D:8 |    1054 |       0 |   0.0 |      24 |       0 |   0.0
        D:9 |    1991 |    2688 |  57.4 |      28 |      14 |  33.3
       D:10 |    3159 |     808 |  20.4 |      13 |       1 |   7.1
     Lair:1 |    3798 |     863 |  18.5 |      16 |       1 |   5.9
     Lair:2 |     379 |       0 |   0.0 |       2 |       0 |   0.0
      Sewer |       0 |     152 | 100.0 |       0 |       3 | 100.0
    Ossuary |       0 |     154 | 100.0 |       0 |      16 | 100.0
            +---------+---------+-------+---------+---------+-------

Illustrated notes

Table legend:
 A = Kills in this place as a percentage of kills in entire the game.
 B = Kills by you in this place as a percentage of kills by you in the entire game.
 C = Kills by friends in this place as a percentage of kills by friends in the entire game.
 D = Other kills in this place as a percentage of other kills in the entire game.
 E = Experience gained in this place as a percentage of experience gained in the entire game.
 F = Experience gained in this place divided by the number of levels of this place that you have seen.
                   A       B       C       D       E      F
               +-------+-------+-------+-------+-------+----------------------
         Total | 100.0 | 100.0 |   N/A |   N/A | 100.0 | 1341.6
       Dungeon |  85.7 |  85.7 |   N/A |   N/A |  71.5 | 1343.7
          Lair |   7.1 |   7.1 |   N/A |   N/A |  26.8 | 2520.0
         Sewer |   1.1 |   1.1 |   N/A |   N/A |   0.8 | 152.0
       Ossuary |   6.0 |   6.0 |   N/A |   N/A |   0.8 | 154.0
               +-------+-------+-------+-------+-------+----------------------

Table legend: (Time is in decaauts)
 A = Elapsed time spent in this place.
 B = Non-inter-level travel time spent in this place.
 C = Inter-level travel time spent in this place.
 D = Time resting spent in this place.
 E = Time spent auto-exploring this place.
 F = Levels seen in this place.
 G = Mean time per level.
                   A        B        C        D        E       F      G
               +--------+--------+--------+--------+--------+-----+--------+
         Total |  12086 |  11605 |    481 |    985 |   8271 |  14 |  863.3 |
       Dungeon |  10746 |  10287 |    459 |    932 |   7423 |  10 | 1074.6 |
          Lair |    875 |    854 |     21 |     37 |    628 |   2 |  437.5 |
         Sewer |    182 |    182 |      0 |      0 |    141 |   1 |  182.0 |
       Ossuary |    281 |    281 |      0 |     16 |     79 |   1 |  281.0 |
               +--------+--------+--------+--------+--------+-----+--------+

Top non-repeatable levels by time:
     D:7: 1637 daAuts
     D:3: 1224 daAuts
     D:2: 1152 daAuts
     D:9: 1126 daAuts
     D:4: 1118 daAuts
     D:1: 1095 daAuts
     D:8: 989 daAuts
     D:5: 916 daAuts
     D:6: 882 daAuts
  Lair:1: 862 daAuts
    D:10: 602 daAuts
 Ossuary: 281 daAuts
   Sewer: 182 daAuts
  Lair:2: 13 daAuts
